Map: Écho EC

Players

AgCl - Winner!

  • Race: Protoss Protoss
  • League: Grandmaster

TenNeon

  • Race: Zerg Zerg
  • League: Grandmaster

VOD

Have the link to the VOD?

Description

Time

  • Played on: June 9, 2015, 9:58 p.m.
  • Length: 6:27
Show
View Real Time Build Order
Export as new Build Order

AgCl Protoss - Winner!

Build Orders: Oracle Opening, Oracle Opening 

Get SALT Encoding   

  12  0:02  Probe  
  13  0:20  Pylon  
  13  0:24  Probe  
  14  0:41  Probe (Chrono Boost)  
  15  0:43  Gateway  
  15  0:45  Assimilator  
  15  0:53  Probe (Chrono Boost)  
  16  1:01  Probe (Chrono Boost)  
  17  1:10  Probe  
  18  1:22  Probe, Pylon  
  19  1:29  Zealot (Chrono Boost)  
  19  1:31  Cybernetics Core  
  21  1:34  Probe  
  22  1:46  Probe  
  22  1:47  Pylon  
  23  1:58  Assimilator  
  23  1:59  Probe  
  24  2:11  Probe  
  25  2:19  Stargate  
  25  2:23  Probe  
  26  2:35  Probe  
  25  2:44  Nexus, Warp Gate  
  25  2:47  Probe  
  26  2:53  Pylon  
  26  3:02  Oracle (Chrono Boost)  
  31  3:05  Adept (Chrono Boost)  
  31  3:07  Probe  
  32  3:31  Void Ray (Chrono Boost)  
  32  3:32  Probe  
  37  3:35  Pylon  
  37  3:40  Stalker  
  36  4:24  Gateway  
  36  4:33  Void Ray (Chrono Boost)  
  38  4:39  Probe  
  38  4:44  Probe  
  39  4:45  Pylon  
  38  4:55  Gateway  
  38  4:56  Gateway  
  38  4:57  Probe (Chrono Boost)  
  38  4:59  Assimilator  
  42  5:07  Probe (Chrono Boost)  
  42  5:08  Mothership Core (Chrono Boost)  
  43  5:19  Probe (Chrono Boost)  
  44  5:26  Probe  
  44  5:32  Fleet Beacon  
  44  5:34  Probe (Chrono Boost)  
  45  5:38  Probe (Chrono Boost)  
  46  5:45  Probe (Chrono Boost), Pylon  
  46  5:48  Probe (Chrono Boost)  
  45  5:56  Probe (Chrono Boost)  
  47  5:59  Probe (Chrono Boost)  
  47  6:06  Probe (Chrono Boost)  
  47  6:09  Adept x3  
  47  6:11  Probe  
Show
View Real Time Build Order
Export as new Build Order

TenNeon Zerg 

Build Orders: Hatch First 

Get SALT Encoding   

  12  0:02  Drone  
  13  0:09  Drone  
  14  0:17  Overlord  
  14  0:23  Drone, Extractor  
  15  0:36  Drone x2  
  17  0:54  Hatchery  
  16  1:09  Spawning Pool  
  15  1:18  Drone x2, Extractor  
  17  1:20  Drone  
  17  1:30  Overlord  
  17  1:45  Overlord  
  17  1:55  Queen  
  19  2:03  Roach Warren  
  19  2:05  Drone x2  
  19  2:08  Drone  
  21  2:20  Queen  
  23  2:30  Zergling x2  
  23  2:31  Zergling x2  
  25  2:46  Roach x2  
  29  2:59  Roach  
  29  3:00  Roach  
  33  3:07  Roach x2  
  37  3:14  Extractor  
  37  3:15  Drone x2  
  38  3:30  Roach x3  
  44  3:43  Lair  
  44  3:49  Overlord  
  44  4:04  Spore Crawler  
  44  4:05  Queen  
  33  4:28  Drone x6  
  31  4:52  Hydralisk Den  
  28  4:54  Drone x2  
  28  4:58  Spore Crawler  
  29  5:11  Overseer  
  29  5:12  Drone x4  
  29  5:13  Drone  
  34  5:15  Drone x3  
  37  5:31  Hatchery  
  37  5:35  Hydralisk  
  36  5:56  Hydralisk x3  
  36  5:57  Hydralisk  
Tags
 
Add a new tag
Caveats
  • Supply blocks, unpowered buildings, or Contaminate may cause inaccurate times.
  • Supply counts are checked every 10 seconds.